 Dungeon Crawl Stone Soup version 0.21.1-1-g345015f (webtiles) character file.

11491 Lanoc the Carver (level 11, -4/101 HPs)
             Began as a Minotaur Berserker on Mar 20, 2018.
             Was a High Priest of Trog.
             Slain by a six-headed hydra (11 damage)
             ... on level 11 of the Dungeon.
             The game lasted 00:22:45 (7467 turns).

Lanoc the Carver (Minotaur Berserker)               Turns: 7467, Time: 00:22:46

Health: -4/101     AC:  4    Str: 22    XL:     11   Next: 50%
Magic:  3/3        EV: 17    Int:  4    God:    Trog [*****.]
Gold:   415        SH:  0    Dex: 13    Spells: 10/10 levels left

rFire    + . .     SeeInvis .   F - +2 double sword (antimagic)
rCold    . . .     Gourm    +   (no shield)
rNeg     + . .     Faith    .   t - +2 robe {rN+}
rPois    +         Spirit   .   (helmet restricted)
rElec    .         Reflect  .   (no cloak)
rCorr    .         Harm     .   (no gloves)
MR       .....                  (no boots)
Stlth    +.........             l - amulet of the gourmand
HPRegen  0.26/turn              e - ring of poison resistance
MPRegen  0.08/turn              v - ring of protection from fire

@: berserk cooldown
A: retaliatory headbutt, horns 2
a: Berserk, Trog's Hand, Brothers in Arms, Burn Spellbooks, Renounce Religion


You were on level 11 of the Dungeon.
You worshipped Trog.
Trog was extremely pleased with you.
You were completely stuffed.

You visited 2 branches of the dungeon, and saw 10 of its levels.

You collected 415 gold pieces.

Inventory:

Hand Weapons
 a - a +0 falchion
 B - a cursed +0 falchion
 C - a +0 long sword
 F - a +2 antimagic double sword (weapon)
Missiles
 g - 155 arrows
 u - 28 sling bullets
 x - 19 bolts
Armour
 b - a +0 animal skin
 o - a +0 ring mail of cold resistance
 t - a +2 robe of positive energy (worn)
 G - a +0 troll leather armour
Jewellery
 e - a ring of poison resistance (left hand)
 l - an amulet of the gourmand (around neck)
 v - a ring of protection from fire (right hand)
Wands
 f - a wand of scattershot (3)
 m - a wand of acid (8)
 r - a wand of random effects (39)
Scrolls
 d - 3 scrolls of teleportation
 h - 2 scrolls of magic mapping
 i - 2 scrolls of blinking
 j - 5 scrolls of remove curse
 k - 2 scrolls of fear
 p - a scroll of immolation
 y - a scroll of brand weapon {unknown}
 z - 2 scrolls of enchant weapon {unknown}
 E - a scroll of identify
Potions
 n - 2 potions of lignification
 q - 5 potions of curing
 s - 3 potions of brilliance
 w - a potion of might
 A - 2 potions of mutation {unknown}
 D - a potion of haste
Comestibles
 c - 22 rations
 H - 4 chunks of flesh


   Skills:
 + Level 10.4 Fighting
 * Level 13.8 Long Blades
 + Level 10.1 Armour
 + Level 9.3 Dodging


You had 10 spell levels left.
You didn't know any spells.

Dungeon Overview and Level Annotations

Branches:
Dungeon (11/15)            Temple (1/1) D:4
   Lair: D:8-11         Orc: D:9-12

Altars:
Cheibriados
Dithmenos
Elyvilon
Fedhas
Hepliaklqana
Makhleb
Nemelex Xobeh
Okawaru
Ru
Sif Muna
Uskayaw
Vehumet
Wu Jian
Xom
Yredelemnul
Zin
The Shining One

Shops:
D:5 (

Annotations:
D:10 exclusion: ice statue, Erolcha


Innate Abilities, Weirdness & Mutations

You reflexively headbutt those who attack you in melee.
You have a pair of horns on your head.


Message History

The five-headed hydra closely misses you.
The five-headed hydra bites you!
Okay, then.
You hack one of the five-headed hydra's heads off!
The four-headed hydra grows two more!
You slash the six-headed hydra! You headbutt the six-headed hydra.
The six-headed hydra is severely wounded.
The six-headed hydra bites you! The six-headed hydra barely misses you.
The six-headed hydra bites you.
The six-headed hydra completely misses you.
The six-headed hydra bites you. x2
* * * LOW HITPOINT WARNING * * *
You hit the six-headed hydra.
The six-headed hydra is severely wounded.
The six-headed hydra bites you!
* * * LOW HITPOINT WARNING * * *
The six-headed hydra bites you!
* * * LOW HITPOINT WARNING * * *
The six-headed hydra bites you!
You die...

#.# ##########'##
#.# ##.# ####....#
######'### #..#
#....####
#......... #.##
#.#### +....(....
#.# ##########
#<........
##.######PP≈P.+).#
#.........
........#P≈≈≈≈#.%#
#....^....
.######.#≈.P≈P##D#
#......... .
#.#(÷)..#.@#
#.........
#..(÷...'..#
####'#####
###..P..'..# #..#
#≈....'..# #.##
#.....#..# ##.#
########## #..#
###'#######
#.........#
#.........'


You could see a six-headed hydra.

Vanquished Creatures
  Josephine (D:10)
  6 two-headed ogres
  2 ugly things (D:10)
  A gargoyle (D:10)
  A troll (D:11)
  2 dream sheep (D:11)
  2 hippogriffs
  5 wraiths (D:10)
  7 yaks
  2 steam dragons (D:6)
  An orc warrior (D:6)
  3 sky beasts
  A black bear (D:6)
  An eye of draining (D:11)
  4 centaurs
  The ghost of Mesmaeker13 the Chiller, an amateur DgWn (D:4)
  3 bullfrogs
  3 big kobolds (D:11)
  2 scorpions
  4 killer bees (D:10)
  The ghost of letownia2 the Changer, a weakling MfTm (D:3)
  2 howler monkeys
  4 crimson imps
  2 jellies
  A quasit (D:10)
  6 hounds
  2 orc priests
  A bullfrog skeleton (D:10)
  6 orc wizards
  3 iguanas
  4 worker ants
  A howler monkey skeleton (D:6)
  2 worker ant zombies
  7 adders
  2 shadow imps
  An ooze (D:3)
  An adder skeleton (D:4)
  3 worms (D:2)
  8 leopard geckos
  27 orcs
  A ball python (D:2)
  6 bats
  6 giant cockroaches
  6 goblins
  5 hobgoblins
  13 jackals
  3 quokkas
  9 frilled lizards
  10 kobolds
  A leopard gecko skeleton (D:6)
  9 rats
205 creatures vanquished.

Vanquished Creatures (others)
  2 fungi (D:6)
2 creatures vanquished.

Grand Total: 207 creatures vanquished

Notes
Turn   | Place    | Note
-------+----------+-------------------------------------------
     0 | D:1      | Lanoc the Minotaur Berserker began the quest for the Orb.
     0 | D:1      | Reached XP level 1. HP: 19/19 MP: 0/0
   188 | D:1      | Reached XP level 2. HP: 26/27 MP: 1/1
   211 | D:1      | Reached skill level 4 in Long Blades
   644 | D:2      | Reached ** piety under Trog
   644 | D:2      | Reached XP level 3. HP: 21/33 MP: 2/2
  1333 | D:3      | Reached XP level 4. HP: 40/40 MP: 3/3
  1421 | D:3      | Reached skill level 5 in Long Blades
  1479 | D:3      | Reached XP level 5. HP: 47/47 MP: 4/4
  1591 | D:3      | Noticed letownia2's ghost (weakling MfTm)
  1595 | D:3      | Killed letownia2's ghost
  1641 | D:3      | Reached *** piety under Trog
  1926 | D:3      | Found a white marble altar of Elyvilon.
  2108 | D:4      | Noticed Mesmaeker13's ghost (amateur DgWn)
  2117 | D:4      | Killed Mesmaeker13's ghost
  2117 | D:4      | Reached skill level 6 in Long Blades
  2117 | D:4      | Reached XP level 6. HP: 48/55 MP: 5/5
  2246 | D:4      | Reached skill level 5 in Fighting
  2266 | D:4      | Found a staircase to the Ecumenical Temple.
  2275 | Temple   | Entered the Ecumenical Temple
  2876 | D:5      | Entered Level 5 of the Dungeon
  3061 | D:5      | Noticed a sky beast
  3082 | D:5      | Killed a sky beast
  3082 | D:5      | Reached XP level 7. HP: 47/61 MP: 6/6
  3101 | D:5      | Reached skill level 7 in Long Blades
  3233 | D:5      | Reached skill level 5 in Armour
  3450 | D:5      | Reached **** piety under Trog
  3460 | D:5      | Found Ibauhof's Weapon Boutique.
  3539 | D:5      | Found a snail-covered altar of Cheibriados.
  3771 | D:6      | Reached skill level 8 in Long Blades
  3771 | D:6      | Reached skill level 5 in Dodging
  3771 | D:6      | Reached XP level 8. HP: 33/70 MP: 7/7
  4156 | D:6      | Reached skill level 9 in Long Blades
  4654 | D:7      | You fall through a shaft for 3 floors!
  4654 | D:10     | Entered Level 10 of the Dungeon
  4668 | D:10     | Noticed a two-headed ogre
  4675 | D:10     | Killed a two-headed ogre
  4675 | D:10     | Reached skill level 10 in Long Blades
  4675 | D:10     | Reached XP level 9. HP: 51/79 MP: 8/8
  4730 | D:10     | Noticed Josephine
  4741 | D:10     | Killed Josephine
  4741 | D:10     | Reached skill level 11 in Long Blades
  4742 | D:10     | Reached ***** piety under Trog
  4745 | D:10     | Reached XP level 10. HP: 39/90 MP: 9/9
  4753 | D:10     | HP: 4/90 [wraith[Josephine] (7)]
  5043 | D:10     | Noticed a green ugly thing
  5052 | D:10     | Killed a green ugly thing
  5053 | D:10     | Noticed Erolcha
  5061 | D:10     | Paralysed by Erolcha for 4 turns
  5072 | D:10     | Noticed a gargoyle
  5077 | D:10     | HP: 2/90 [gargoyle/mace (13)]
  5449 | D:10     | Noticed a red ugly thing
  5459 | D:10     | Killed a red ugly thing
  5463 | D:10     | Killed a gargoyle
  5463 | D:10     | Reached skill level 12 in Long Blades
  5886 | D:10     | Noticed an ice statue
  5969 | D:10     | Noticed a two-headed ogre
  6001 | D:10     | Killed a two-headed ogre
  6809 | D:11     | Noticed a two-headed ogre
  6809 | D:11     | Noticed a two-headed ogre
  6814 | D:11     | Killed a two-headed ogre
  6814 | D:11     | Reached skill level 13 in Long Blades
  6814 | D:11     | Reached XP level 11. HP: 99/99 MP: 10/10
  6818 | D:11     | Killed a two-headed ogre
  6857 | D:11     | Noticed a two-headed ogre
  6873 | D:11     | Killed a two-headed ogre
  6873 | D:11     | Reached skill level 10 in Fighting
  7228 | D:11     | Received a gift from Trog
  7340 | D:11     | Noticed a two-headed ogre
  7348 | D:11     | Killed a two-headed ogre
  7348 | D:11     | Reached skill level 10 in Armour
  7460 | D:11     | Noticed a two-headed hydra
  7467 | D:11     | Slain by a six-headed hydra

Skill      XL: |  1  2  3  4  5  6  7  8  9 10 11 |
---------------+----------------------------------+-----
Long Blades    | 4 5 6 8 10 11 13 | 13.8
Fighting       | 4 5 6 7 8 9 10 | 10.4
Armour         | 3 4 5 7 8 9 10 | 10.1
Dodging        | 3 4 5 6 7 8 9 |  9.3

Action                   |  1- 3 |  4- 6 |  7- 9 | 10-12 || total
-------------------------+-------+-------+-------+-------++-------
Melee: Falchion          |    77 |   104 |   115 |       ||   296
       Headbutt          |    17 |    10 |    45 |    62 ||   134
       Long sword        |       |       |    70 |   139 ||   209
       Double sword      |       |       |       |    42 ||    42
Invok: Berserk           |     1 |     3 |     7 |    10 ||    21
       Burn Spellbooks   |       |       |       |     1 ||     1
  Use: Scroll            |       |     7 |     5 |     4 ||    16
       Potion            |       |       |       |     2 ||     2
 Stab: Sleeping          |     1 |       |       |       ||     1
       Distracted        |       |       |       |     1 ||     1
  Eat: Chunk             |    13 |    11 |    11 |    19 ||    54
Armor: Animal skin       |     6 |     1 |       |       ||     7
       Ring mail         |       |    27 |    61 |     1 ||    89
       Robe              |       |       |       |    19 ||    19
Dodge: Dodged            |    52 |    65 |   115 |   136 ||   368
       Rpst.: Falchion   |    15 |    15 |    14 |       ||    44
       Long sword        |       |       |    11 |    29 ||    40
       Double sword      |       |       |       |     3 ||     3
